 Dungeon Crawl Stone Soup version 0.26.1-11-gd32895ea62 (webtiles) character file.

Game seed: 8016439197538775546

2 Delimor the Insei (level 1, -4/17 HPs)
             Began as a Gnoll Transmuter on June 15, 2021.
             Slain by a gnoll
             ... wielding a cursed -3 halberd
              (6 damage)
             ... on level 1 of the Dungeon.
             The game lasted 00:02:49 (95 turns).

Delimor the Insei (Gnoll Transmuter)                  Turns: 95, Time: 00:02:50

Health: -4/17      AC:  2    Str: 12    XL:     1   Next: 40%
Magic:  5/6        EV: 14    Int: 15    God:
Gold:   11         SH:  0    Dex: 15    Spells: 8/9 levels left

rFire    . . .     SeeInvis .   b - -3 spear
rCold    . . .     Faith    .   (no shield)
rNeg     . . .     Spirit   .   a - +0 robe
rPois    .         Reflect  .   (helmet currently unavailable)
rElec    .         Harm     .   (no cloak)
rCorr    .         Rampage  .   (no gloves)
Will     .....                  (boots currently unavailable)
Stlth    +.........             (no amulet)
HPRegen  0.05/turn              (no ring)
MPRegen  0.10/turn              (no ring)

@: appendages (expiring)
A: distributed training, fangs 1, horns 2, talons 2, strong nose
a: End Transformation


You were on level 1 of the Dungeon.
You had grown temporary horns.
You had grown temporary talons.
You visited 1 branch of the dungeon, and saw 1 of its levels.

You collected 11 gold pieces.

Inventory:

Hand Weapons
 b - a -3 spear (weapon)
Armour
 a - a +0 robe (worn)


   Skills:
 + Level 2.3 Fighting
 + Level 0.0 Short Blades
 + Level 0.0 Long Blades
 + Level 0.0 Axes
 + Level 0.0 Maces & Flails
 + Level 0.0 Polearms
 + Level 0.0 Staves
 + Level 0.0 Slings
 + Level 0.0 Bows
 + Level 0.0 Crossbows
 + Level 0.0 Throwing
 + Level 0.0 Armour
 + Level 4.4 Dodging
 + Level 0.0 Stealth
 + Level 0.0 Shields
 + Level 6.4 Unarmed Combat
 + Level 4.8 Spellcasting
 + Level 0.0 Conjurations
 + Level 0.0 Hexes
 + Level 0.0 Summonings
 + Level 0.0 Necromancy
 + Level 0.0 Translocations
 + Level 3.6 Transmutations
 + Level 0.0 Fire Magic
 + Level 0.0 Ice Magic
 + Level 0.0 Air Magic
 + Level 0.0 Earth Magic
 + Level 0.0 Poison Magic
 + Level 0.1 Invocations
 + Level 0.0 Evocations


You had 8 spell levels left.
You knew the following spells:

 Your Spells              Type           Power        Failure   Level
a - Beastly Appendage     Tmut           28%          3%          1

Your spell library contained the following spells:

 Spells                   Type           Power        Failure   Level
 Wereblood                Tmut           14%          5%          2
 Spider Form              Tmut/Pois      4%           24%         3
 Ice Form                 Ice/Tmut       9%           61%         4
 Blade Hands              Tmut           7%           71%         5


Dungeon Overview and Level Annotations

Branches:
Dungeon (1/15)

Altars:


Innate Abilities, Weirdness & Mutations

Your experience applies equally to all skills.
You have very sharp teeth.
Your uncanny sense of smell can sniff out nearby items.
You have a pair of horns on your head.
You have razor-sharp toenails.


Message History

A dart slug is nearby!
A dart slug is nearby!
A dart slug is nearby!
You hit the dart slug but do no damage. The dart slug misses you.
You hit the dart slug. You claw the dart slug. You headbutt the dart slug.
You kill the dart slug!
A rat and a gnoll come into view.
Your transformation is almost over.
The gnoll shouts!
You hear a bark! x2
A jackal comes into view.
The jackal barks!
You hear a bark!
The gnoll hits you from afar with a cursed -3 halberd!
Ouch! That really hurt!
* * * LOW HITPOINT WARNING * * *
A jackal comes into view.
You hit the jackal but do no damage. You claw the jackal.
The jackal is moderately wounded.
The jackal bites you but does no damage.
The gnoll hits you from afar with a cursed -3 halberd.
You die...

....# ....#
####.#.# #......# .
#......# #####..
#<...### h....
#......# .g.#
#.(....##.#####h..#
#.##.####.#...@r..+
#......##.#.###...#
#......##.#'##
#...#
##.#.#.##....# ...#
#......##....# ..#
#..)...##....# ..#
##.#.####...## ..
#......##...# .##
#......##...#


You could see a gnoll, 2 jackals and a rat.

Vanquished Creatures
  A dart slug (D:1)
1 creature vanquished.

Notes
Turn   | Place    | Note
-------+----------+-------------------------------------------
     0 | D:1      | Delimor the Gnoll Transmuter began the quest for the Orb.
     0 | D:1      | Reached XP level 1. HP: 17/17 MP: 6/6
    95 | D:1      | Slain by a gnoll

Illustrated notes

Levels and vault maps discovered:
D:1:      dpeg_arrival_ternary, layout_basic

Action                   || total
-------------------------++-------
Melee: Spear             ||     3
       Kick              ||     2
       Headbutt          ||     1
 Cast: Beastly Appendage ||     1
  Use: Scroll            ||     1
Armor: Robe              ||     1
Dodge: Dodged            ||     1
